 Dungeon Crawl Stone Soup version 0.25.1-2-g60ff931df9 (webtiles) character file.

Game seed: 17502759149505615725

231 ubername the Ducker (level 5, -3/79 HPs)
             Began as a Troll Berserker on Nov 17, 2020.
             Was a Priest of Trog.
             Slain by a gnoll
             ... wielding a +0 club
              (6 damage)
             ... on level 4 of the Dungeon.
             The game lasted 00:04:39 (2813 turns).

ubername the Ducker (Troll Berserker)               Turns: 2813, Time: 00:04:39

Health: -3/79      AC:  6    Str: 26    XL:     5   Next: 73%
Magic:  4/4        EV: 11    Int:  3    God:    Trog [***...]
Gold:   216        SH:  0    Dex:  9    Spells: 4/4 levels left

rFire    . . .     SeeInvis .   e - +3 dagger
rCold    . . .     Gourm    +   (no shield)
rNeg     . . .     Faith    .   b - +0 animal skin
rPois    .         Spirit   .   (helmet restricted)
rElec    .         Reflect  .   (no cloak)
rCorr    .         Harm     .   (gloves unavailable)
MR       .....                  (boots unavailable)
Stlth    ..........             (no amulet)
HPRegen  0.63/turn              (no ring)
MPRegen  0.09/turn              (no ring)

@: berserking, lethally poisoned (-3 -> -4), very quick
A: large, unfitting armour, claws 3, fast metabolism 3, gourmand, regeneration
1, shaggy fur 1, tough skin 3
a: Berserk, Trog's Hand, Renounce Religion


You were on level 4 of the Dungeon.
You worshipped Trog.
Trog was most pleased with you.
You were very full.

You visited 1 branch of the dungeon, and saw 4 of its levels.

You collected 216 gold pieces.

Inventory:

Hand Weapons
 a - a +0 spear
 e - a +3 dagger (weapon)
 f - a +2 dagger of draining
Armour
 b - a +0 animal skin (worn)
Magical Staves
 p - an uncursed staff of wizardry {unknown}
Wands
 q - a wand of flame (18)
Scrolls
 h - a scroll of remove curse {unknown}
 i - 3 scrolls of magic mapping {unknown}
 k - 6 scrolls of identify {unknown}
 m - a scroll of blinking {unknown}
 n - 2 scrolls of teleportation {unknown}
Potions
 d - 4 potions of degeneration {unknown}
 g - a potion of resistance {unknown}
 j - a potion of haste {unknown}
 l - a potion of heal wounds {unknown}
 r - a potion of curing {unknown}
Comestibles
 c - 7 rations
 o - 3 chunks of flesh


   Skills:
 + Level 3.3 Fighting
 + Level 2.3 Short Blades
 + Level 2.8 Polearms
 + Level 3.7 Dodging
 + Level 0.2 Stealth


You had 4 spell levels left.
You didn't know any spells.
Your spell library was empty.

Dungeon Overview and Level Annotations

Branches:
Dungeon (4/15)
 Temple: D:4-7

Altars:
Vehumet


Innate Abilities, Weirdness & Mutations

You are too large for most types of armour.
You have claws for hands.
Your metabolism is lightning-fast.
You like to eat raw meat.
Your natural rate of healing is unusually fast.
You are covered in fur. (AC +1)
You have extremely tough skin. (AC +3)


Message History

A red film seems to cover your vision as you go berserk!
You feel yourself moving faster!
You feel mighty!
You feel sick. The adder bites you but does no damage.
The gnoll barely misses you. The gnoll misses you.
You puncture the adder!
You kill the adder!
Trog accepts your kill.
You feel sick. The gnoll closely misses you. The gnoll hits you.
* * * LOW HITPOINT WARNING * * *
You hit the gnoll.
The gnoll is lightly wounded.
You feel sick. The gnoll hits you.
* * * LOW HITPOINT WARNING * * *
The gnoll barely misses you.
You barely miss the gnoll.
The gnoll is lightly wounded.
You hit the gnoll.
The gnoll is heavily wounded.
The gnoll misses you. The gnoll hits you with a +0 club.
You die...

#....# #..
#........###....######..
..........##........##..
..........##....###.....
..........##....######..
...?......##....#.# #.#
..........##......# #.#
#......gg#####.#..# #.#
.......@.......#.(# #.#
..........###.....# #.#
..........# #...#.####.#
..........###..........#
.......................#
#........##.##.........#
##......##..##.<.......#
########...##.........รท
#.......#.##..........


You could see 2 gnolls.

Vanquished Creatures
  A hound (D:4)
  An orc wizard (D:4)
  A worker ant (D:4)
  A hound skeleton (D:4)
  A gnoll (D:4)
  An adder (D:4)
  A worm (D:2)
  3 dart slugs
  2 leopard geckos
  12 orcs
  7 bats
  3 giant cockroaches
  5 hobgoblins
  11 jackals
  11 kobolds
  A quokka (D:3)
  3 ball pythons
  9 frilled lizards
  9 goblins
  A quokka zombie (D:4)
  8 rats
92 creatures vanquished.

Vanquished Creatures (others)
  A goblin (D:1)
1 creature vanquished.

Grand Total: 93 creatures vanquished

Notes
Turn   | Place    | Note
-------+----------+-------------------------------------------
     0 | D:1      | ubername the Troll Berserker began the quest for the Orb.
     0 | D:1      | Reached XP level 1. HP: 22/22 MP: 0/0
    86 | D:1      | Reached XP level 2. HP: 29/29 MP: 1/1
   390 | D:1      | Reached XP level 3. HP: 35/36 MP: 2/2
   393 | D:1      | Reached ** piety under Trog
   678 | D:2      | Found a faded altar of an unknown god.
   784 | D:2      | Reached skill level 1 in Short Blades
  1037 | D:2      | Reached XP level 4. HP: 29/44 MP: 3/3
  1435 | D:3      | Reached *** piety under Trog
  2434 | D:4      | Reached XP level 5. HP: 45/53 MP: 4/4
  2735 | D:4      | Found a radiant altar of Vehumet.
  2811 | D:4      | HP: 3/79 [gnoll (6)]
  2813 | D:4      | Slain by a gnoll

Illustrated notes

Levels and vault maps discovered:
D:1:      tarquinn_simple_flora_water_d, layout_basic, st_stairs_10
D:2:      layout_basic, chequers_ecumenical_altar_island, first_ration
D:3:      layout_basic
D:4:      layout_rooms, vehumet_altar_wand_db

Skill      XL: |  1  2  3  4  5 |
---------------+----------------+-----
Dodging        | 3 |  3.7
Short Blades   | 1 2 |  2.3
Fighting       | 3 |  3.3
Polearms       | |  2.8
Stealth        | |  0.2

Action                   |  1- 3 |  4- 6 || total
-------------------------+-------+-------++-------
Melee: Spear             |    17 |       ||    17
       Dagger            |   131 |   190 ||   321
Invok: Berserk           |     1 |     2 ||     3
  Eat: Chunk             |    16 |    18 ||    34
Armor: Animal skin       |   120 |    74 ||   194
Dodge: Dodged            |   165 |   131 ||   296
